Map: Abyssal Reef LE

Players

Indy

  • Race: Protoss Protoss
  • League: Master
  • Spawn Location: 5:00

A.I. 1 (Harder) - Winner!

  • Race: Zerg Zerg
  • Spawn Location: 11:00

VOD

Have the link to the VOD?

Description

Time

  • Played on: Dec. 4, 2017, 11:30 a.m.
  • Length: 7:33
Show
View Real Time Build Order
Export as new Build Order

Indy Protoss 

Build Orders: 1 Gate Expand, Zealot Archon, Dark Templar Rush 

Get SALT Encoding   

  12  0:00  Probe  
  13  0:13  Probe  
  14  0:20  Pylon  
  14  0:25  Probe  
  15  0:38  Probe (Chrono Boost)  
  16  0:44  Gateway  
  16  0:48  Probe (Chrono Boost)  
  17  0:52  Probe (Chrono Boost)  
  17  0:53  Assimilator  
  18  1:04  Probe (Chrono Boost)  
  20  1:13  Probe (Chrono Boost)  
  20  1:28  Nexus  
  20  1:37  Cybernetics Core  
  20  1:40  Probe  
  21  1:48  Assimilator  
  21  1:52  Probe  
  21  2:04  Pylon  
  21  2:05  Probe  
  22  2:15  Warp Gate  
  22  2:17  Probe  
  22  2:22  Adept (Chrono Boost)  
  25  2:29  Probe  
  26  2:31  Twilight Council  
  26  2:39  Stalker  
  26  2:42  Probe (Chrono Boost)  
  30  2:51  Probe (Chrono Boost)  
  31  2:53  Probe x2 (Chrono Boost)  
  31  2:56  Probe  
  33  3:03  Robotics Facility  
  33  3:05  Probe  
  34  3:10  Probe  
  35  3:17  Probe  
  36  3:21  Dark Shrine  
  36  3:22  Probe  
  37  3:30  Gateway  
  37  3:31  Probe  
  38  3:34  Probe  
  38  3:37  Gateway  
  39  3:43  Gateway  
  39  3:44  Probe  
  39  3:47  Probe  
  41  3:53  Warp Prism (Chrono Boost)  
  43  3:57  Probe  
  43  4:00  Pylon  
  43  4:01  Probe  
  45  4:11  Assimilator, Probe  
  45  4:14  Assimilator  
  46  4:18  Pylon, Probe  
  46  4:23  Probe  
  48  4:30  Probe  
  49  4:38  Dark Templar x3  
  51  4:42  Probe  
  51  4:43  Dark Templar  
  58  4:48  Pylon  
  58  4:53  Immortal (Chrono Boost)  
  62  5:05  Charge (Chrono Boost), Pylon  
  62  5:14  Archon x2  
  62  5:20  Gateway x2  
  62  5:22  Immortal (Chrono Boost)  
  62  5:23  Gateway  
  62  5:25  Gateway  
  66  5:40  Dark Templar x2  
  70  5:48  Pylon  
  70  6:02  Pylon  
  70  6:03  Pylon  
  70  6:05  Pylon, Dark Templar x2  
  70  6:11  Archon  
  74  6:17  Archon  
  74  6:19  Dark Templar  
  74  6:20  Dark Templar  
  74  6:22  Zealot x4  
  86  6:28  Archon  
  86  6:45  Zealot x4  
  86  6:46  Zealot x2  
  98  6:52  Dark Templar x2  
  102  6:57  Pylon  
  102  6:58  Pylon  
  101  7:01  Zealot  
  101  7:04  Archon  
  103  7:19  Zealot x3  
  103  7:20  Zealot x3  
Show
View Real Time Build Order
Export as new Build Order

A.I. 1 (Harder) Zerg - Winner!

Build Orders: Pool First 

Get SALT Encoding   

  12  0:01  Drone  
  13  0:12  Overlord  
  13  0:16  Drone  
  14  0:30  Drone x2  
  16  0:43  Spawning Pool  
  16  0:45  Drone  
  17  0:50  Drone  
  17  0:53  Extractor  
  17  0:55  Drone  
  17  1:06  Overlord  
  17  1:31  Zergling x2  
  17  1:32  Queen  
  20  1:38  Drone  
  21  1:40  Roach Warren  
  21  1:41  Extractor  
  21  1:42  Zergling x2  
  20  1:49  Drone  
  21  2:00  Drone  
  22  2:10  Overlord  
  22  2:21  Drone  
  23  2:32  Roach  
  25  2:38  Drone  
  25  2:43  Roach  
  28  2:44  Overlord  
  28  2:53  Roach  
  30  3:04  Roach  
  32  3:09  Overlord  
  32  3:15  Roach  
  33  3:21  Drone  
  33  3:25  Ravager, Drone  
  33  3:26  Ravager, Zergling x2  
  38  3:36  Ravager  
  38  3:37  Roach  
  41  3:43  Overlord  
  41  3:47  Roach  
  43  3:52  Drone  
  43  3:55  Drone  
  45  3:58  Roach  
  47  4:07  Baneling Nest  
  47  4:09  Roach  
  48  4:11  Evolution Chamber  
  48  4:14  Drone x2  
  48  4:16  Drone  
  50  4:19  Ravager  
  50  4:21  Roach  
  53  4:31  Drone  
  54  4:42  Overlord  
  54  4:46  Roach  
  56  6:13  Lair, Zergling x2, Overlord  
  57  6:19  Zergling x2  
  57  6:23  Hatchery  
  57  6:25  Zergling x2  
  58  6:30  Zergling x2  
  51  6:36  Zergling x2  
  32  6:42  Roach  
  34  6:48  Roach  
  34  6:54  Roach  
  38  7:02  Zergling x2  
  38  7:03  Roach  
  38  7:05  Roach  
  38  7:06  Spore Crawler, Drone  
  38  7:07  Spore Crawler  
  38  7:08  Drone, Zergling x2  
  43  7:13  Hydralisk Den  
  43  7:15  Infestation Pit  
Tags
 
Add a new tag
Caveats
  • Supply blocks, unpowered buildings, or Contaminate may cause inaccurate times.
  • Supply counts are checked every 10 seconds.